 Dungeon Crawl Stone Soup version 0.32-a0-876-gcfddb08e57 (webtiles) character file.

Game seed: 16131610690526567428

79928 freelancePsychic the Fighter (level 16, -9/114 (122) HPs)
             Began as a Djinni Air Elementalist on Mar 31, 2024.
             Was the Champion of Ru.
             Hit by a large rock thrown by a stone giant (42 damage)
             ... on level 13 of the Dungeon.
             The game lasted 00:51:52 (32258 turns).

freelancePsychic the Fighter (DjAE)                Turns: 32258, Time: 00:51:52

HP:   -9/114 (122)  AC: 18    Str:  7    XL:     16   Next: 13%
Gold: 1583          EV: 11    Int: 30    God:    Ru [******] SH: 23 Dex: 15

rFire   + + +        m - staff of air
rCold   . . .        i - +4 kite shield {rC+ rF+}
rNeg    . . .        l - +8 ring mail "Ynyodul" {rF+}
rPois   ∞            M - +2 hood of the Assassin {Detect Stab+ Stlth++}
rElec   +            y - +1 cloak of Starlight {*Dazzle EV+4 Stlth--}
rCorr   .            K - +0 pair of gloves
SInv    .            (boots unavailable)
Will    +....        G - brooch of Shielding {Spirit SH+8}
Stlth   +            s - ring of wizardry
HPRegen 0.39/turn    v - +6 ring of intelligence
MPRegen 0.00/turn

%: inaccuracy (-5), guardian spirit, wizardry (x1), infuse magic (-10 HP)
@: flying, drained
A: sickness immunity, fire resistance 2, cold vulnerability 1, inability to use
devices, cowardly, inability to train armour, unskilled 1, missing an eye,
float, innate caster, HP casting, extra vitality 1
a: Renounce Religion, Draw Out Power, Power Leap, Apocalypse


You were on level 13 of the Dungeon.
You worshipped Ru.
Ru was exalted by your worship.
You visited 4 branches of the dungeon, and saw 21 of its levels.
You also visited: Gauntlet and Ice Cave.

You collected 2049 gold pieces.
You spent 466 gold pieces at shops.

Inventory:

Missiles
 b - 2 throwing nets
Armour
 a - a +0 robe
 i - a +4 kite shield of resistance (worn)
 l - the +8 ring mail "Ynyodul" (worn) {rF+}
   (You found it on level 3 of the Dungeon)

   rF+:       It protects you from fire.
 y - the +1 cloak of Starlight (worn) {*Dazzle EV+4 Stlth--}
   (You found it in a Gauntlet)

   *Dazzle:   It may blind those who miss an attack against the wearer in melee
   combat.
   EV+4:      It affects your evasion (+4).
   Stlth--:   It makes you much less stealthy.
 C - a +0 cloak
 J - a +0 troll leather armour
 K - a +0 pair of gloves (worn)
 M - the +2 hood of the Assassin (worn) {Detect Stab+ Stlth++}
   (You found it in a Gauntlet)

   Detect:    It allows the wearer to sense nearby creatures.
   Stab+:     It allows the wearer to make particularly effective stabbing
   attacks against helpless or unaware enemies with any weapon.
   Stlth++:   It makes you much more stealthy.
Magical Staves
 d - a staff of earth
 m - a staff of air (weapon)
 o - a staff of conjuration
 H - a staff of cold
Jewellery
 q - a ring of protection from cold
 s - a ring of wizardry (left hand)
 t - a +6 ring of dexterity
 v - a +6 ring of intelligence (right hand)
 G - the brooch of Shielding (around neck) {Spirit SH+8}
   (You found it on level 11 of the Dungeon)

   [amulet of guardian spirit]

   Spirit:    It causes incoming damage to be divided between your reserves of
   health and magic.
   SH+8:      It affects your SH (+8).
 O - a ring of ice
 U - a ring of willpower
Talismans
 w - the granite talisman of the Gusle {*Slow rN+ MP-9 Int+8 SInv}
   (You acquired it on level 8 of the Dungeon)

   [granite talisman]

   Int+8:     It affects your intelligence (+8).
   rN+:       It protects you from negative energy.
   MP-9:      It affects your magic capacity (-9).
   SInv:      It lets you see invisible.
   *Slow:     It may slow you when you take damage.
Wands
 x - a wand of mindburst (39)
Scrolls
 e - 4 scrolls of revelation
 j - 2 scrolls of brand weapon
 k - 2 scrolls of teleportation {@r4}
 r - 5 scrolls of enchant weapon
 u - a scroll of poison
 D - a scroll of amnesia
 E - a scroll of silence
 F - 2 scrolls of vulnerability
 I - 3 scrolls of noise
 N - 2 scrolls of blinking
 R - 2 scrolls of fog
 S - 9 scrolls of identify {@r1}
 X - a scroll of immolation
Potions
 c - 2 potions of haste {@q3}
 f - 9 potions of curing {@q1}
 h - 4 potions of heal wounds {@q2}
 n - 3 potions of attraction
 p - 5 potions of degeneration
 z - 4 potions of berserk rage {unknown}
 A - a potion of magic
 B - 5 potions of mutation
 L - a potion of might
 P - 2 potions of cancellation {unknown}
 Q - 3 potions of enlightenment {unknown}
 T - a potion of invisibility {unknown}
 V - a potion of resistance {unknown}
 W - 2 potions of brilliance
Miscellaneous
 g - a lightning rod (4/4)


   Skills:
 + Level 13.6 Fighting
 - Level 2.0 Dodging
 - Level 1.4 Stealth
 - Level 10.4 Shields
 - Level 9.2 Spellcasting
 - Level 9.2 Conjurations
 - Level 9.2 Hexes
 - Level 9.2 Summonings
 - Level 9.2 Necromancy
 - Level 9.2 Translocations
 - Level 9.2 Fire Magic
 - Level 9.2 Ice Magic
 - Level 9.2 Air Magic
 - Level 9.2 Earth Magic
 - Level 9.2 Alchemy
 + Level 12.9 Shapeshifting


You knew the following spells:

 Your Spells              Type           Power      Damage    Failure   Level
a - Death Channel         Necr           31%        N/A       54%         6
b - Searing Ray           Conj           100%       2d8       1%          2
c - Swiftness             Air            81%        N/A       1%          3
d - Airstrike             Air            40%        2d(6-22)  4%          4
e - Necrotise             Necr           100%       1d9       1%          1
f - Static Discharge      Conj/Air       100%       3-8/arc   1%          2
g - Teleport Other        Tloc           62%        N/A       1%          3
h - Mephitic Cloud        Conj/Alch/Air  81%        N/A       1%          3
i - Animate Dead          Necr           62%        N/A       4%          4
j - Silence               Hex/Air        40%        N/A       13%         5
k - Shock                 Conj/Air       100%       1d9       1%          1
Your spell library was empty.

Dungeon Overview and Level Annotations

Branches:
Dungeon (13/15)            Temple (1/1) D:7            Lair (5/5) D:8
 Shoals (0/4) Lair:2       Spider (0/4) Lair:2        Slime (0/5) Lair:4
    Orc (2/2) D:12            Elf (0/3) Orc:2         IceCv (visited)
Gauntlet (visited)
 Vaults: D:13-14

Altars:
Ashenzari
Cheibriados
Dithmenos
Elyvilon
Fedhas
Gozag
Hepliaklqana
Makhleb
Nemelex Xobeh
Okawaru
Qazlal
Ru
Trog
Uskayaw
Wu Jian
Xom
Yredelemnul
Zin
The Shining One
Beogh
Jiyva

Shops:
D:2 ?   D:10 *   D:12 :   Orc:1 (   Orc:2 !**([=*

Portals:
Hell: Lair:5

Annotations:
D:3 3 runed translucent doors, 601d51SH's ghost, amateur DrEn; EvilEddieB's ghost, amateur DsGl; Heh's ghost, amateur OpAl
D:5 Edmund
D:9 1 runed translucent door
D:12 exclusion: obsidian statue
D:13 36 runed translucent doors


Innate Abilities, Weirdness & Mutations

You are immune to sickness and miasma.
You are immune to poison.
Your flesh is very heat resistant. (rF++)
You are vulnerable to cold. (rC-)
You cannot study or use magical devices.
Your cowardice makes you less effective in combat with threatening foes.
You cannot train Armour skill.
You are somewhat unskilled. (-1 Apt)
You are missing an eye, making it more difficult to aim.
You float through the air rather than walking.
You learn spells naturally, not from books.
Your magical power is your life essence.
You have superior vitality. (+4 MHP)


Message History

The stone giant throws a large rock.
You block the large rock.
Casting: Airstrike (dangerous; 4% risk of failure)
Confirm with . or Enter, or press ? or * to list all spells.
Aiming: Mephitic Cloud (safe; 1% risk of failure)
Press: ? - help, Shift-Dir - straight line, f/p - stone giant
Aim: a stone giant, quivering large rocks (heavily wounded, chance to affect: 24%)
You feel a surge of power!
The ball explodes into a vile cloud!
The stinking cloud engulfs the stone giant.
The stone giant is heavily wounded.
The stone giant is engulfed in noxious fumes.
You are too injured to fight recklessly!
You are too injured to fight recklessly!
You are too injured to fight recklessly!
Aiming: Airstrike (dangerous; 4% risk of failure)
Press: ? - help, Q - select action, (/) - cycle Dir - move target, f/p - stone giant
Aim: a stone giant, quivering large rocks (noxious fumes, heavily wounded, empty space bonus: 8/8)
You feel a surge of power!
The air twists around and strikes the stone giant!
The stone giant is severely wounded.
The stone giant is engulfed in noxious fumes.
The stone giant throws a large rock.
The large rock hits you!!
Aiming: Airstrike (dangerous; 4% risk of failure)
Press: ? - help, Q - select action, (/) - cycle Dir - move target, f/p - stone giant
Aim: a stone giant, quivering large rocks (noxious fumes, severely wounded, empty space bonus: 8/8)
You feel a surge of power!
The air twists around and strikes the stone giant!
The stone giant is almost dead.
The stone giant is engulfed in noxious fumes.
The stone giant throws a large rock.
You block the large rock.
Aiming: Airstrike (dangerous; 4% risk of failure)
Press: ? - help, Q - select action, (/) - cycle Dir - move target, f/p - stone giant
Aim: a stone giant, quivering large rocks (noxious fumes, almost dead, empty space bonus: 8/8)
You feel a surge of power!
The air twists around and strikes the stone giant.
The stone giant is almost dead.
* * * LOW HITPOINT WARNING * * *
The stone giant is engulfed in noxious fumes.
The stone giant throws a large rock.
The large rock hits you!!!
You die...
Ru respects your ultimate sacrifice.

##........#.##....
#.........#.###..
#........[.....)# #
###...............##.
##......○§§........'.
#.......§§☼÷.......#
###.....C§☼........####
##.<............)....
####...@................
#.#........[..#.........
##.#...#..÷....#.........
#.....###...............#
##....###........#.....##
###.......(.....##....##
##...............#.....#
#................#......
#...................#...


You could see a stone giant.

Vanquished Creatures
  Kirke (D:13)
  2 tengu reavers (D:13)
  An orc warlord (Orc:2)
  Azrael (D:13)
  A minotaur (Gauntlet)
  Josephine (D:13)
  Fannar (Lair:1)
  10 hydras
  A catoblepas (Lair:5)
  An ogre mage (D:12)
  9 two-headed ogres
  A boulder beetle (D:13)
  8 death yaks
  A centaur warrior (D:13)
  A tengu warrior (D:13)
  A sun demon (Lair:4)
  Urug (Lair:1)
  Nergalle (Lair:1)
  3 orc high priests (Orc:2)
  3 skysharks
  Lodul (D:11)
  An arcanist (Lair:5)
  An obsidian bat (Orc:2)
  A lindwurm (Lair:4)
  2 deep elf pyromancers
  An orc sorcerer (Orc:2)
  Maurice (D:12)
  7 cyclopes
  2 manticores
  11 elephants
  Joseph (Lair:1)
  A meliai (Lair:2)
  2 kobold blastminers (Orc:2)
  A torpor snail (Gauntlet)
  3 black mambas
  A gargoyle (D:12)
  2 orange demons (Lair:5)
  3 kobold demonologists (D:12)
  A smoke demon (Lair:5)
  7 cane toads
  7 komodo dragons
  An unseen horror (D:12)
  An anaconda simulacrum (IceCv)
  3 rime drakes
  A tengu conjurer (D:13)
  3 ice devils (Lair:5)
  3 trolls
  3 merfolk (Lair:2)
  A polar bear (Lair:3)
  A red devil (Lair:5)
  15 blink frogs
  5 dream sheep (Lair:4)
  A vampire (D:10)
  5 wraiths
  5 wyverns
  47 yaks
  3 fire elementals
  10 wargs
  A steam dragon (D:7)
  2 basilisks
  2 death yak simulacra (IceCv)
  2 vampire mosquitoes (D:12)
  13 water moccasins
  A hydra simulacrum (IceCv)
  2 acid dragons
  5 hell hounds
  A meliai simulacrum (D:13)
  A sky beast (D:6)
  23 orc warriors
  An ice beast (D:6)
  13 ogres
  A boggart (Gauntlet)
  10 centaurs
  A phantom (D:5)
  8 kobold brigands
  A gnoll sergeant (D:9)
  5 bullfrogs
  4 scorpions
  5 two-headed ogre simulacra
  2 cane toad simulacra (IceCv)
  3 wights
  A jelly (D:6)
  2 elephant simulacra (IceCv)
  9 killer bees
  An electric eel (Lair:4)
  4 howler monkeys
  4 gnoll boudas
  21 orc priests
  6 hounds
  3 sleepcaps
  3 iguanas
  26 orc wizards
  A hell rat (Lair:5)
  A polar bear simulacrum (IceCv)
  4 spriggan simulacra
  6 troll simulacra
  A wolf simulacrum (IceCv)
  20 gnolls
  7 adders
  6 naga simulacra
  5 white imps (IceCv)
  4 ufetubi (IceCv)
  2 ribbon worms
  A dart slug (D:4)
  88 orcs
  8 endoplasms
  3 giant cockroaches
  3 goblins
  3 hobgoblins
  3 jackals (D:4)
  3 quokkas
  A training dummy (Orc:1)
  8 ball pythons
  3 bats
  A frilled lizard (D:2)
  35 kobolds
  4 orc zombies (Orc:2)
  A rat (D:2)
623 creatures vanquished.

Vanquished Creatures (collateral kills)
  A rime drake (Lair:5)
  A komodo dragon (Lair:5)
  A polar bear (Lair:5)
  A yak (Lair:5)
  2 centaurs (D:11)
  An orc (D:12)
7 creatures vanquished.

Vanquished Creatures (others)
  An obsidian bat (Orc:2)
  A yak (D:12)
  5 humans (D:13)
  A skyshark zombie (Lair:5)
  A centaur (D:13)
  5 yak zombies
  An orc (Orc:2)
  3 orc zombies (Orc:2)
18 creatures vanquished.

Grand Total: 648 creatures vanquished

Notes
Turn   | Place    | Note
-------+----------+-------------------------------------------
     0 | D:1      | freelancePsychic the Djinni Air Elementalist began the
                  | quest for the Orb.
     0 | D:1      | freelancePsychic set off with the following spells
                  | memorised: Shock, Static Discharge, Swiftness, Airstrike.
     0 | D:1      | Reached XP level 1. HP: 15/15 MP: 0/0
   217 | D:1      | Reached XP level 2. HP: 20/22 MP: 0/0
   553 | D:2      | Reached skill level 1 in Fighting
   663 | D:2      | Reached XP level 3. HP: 15/27 MP: 0/0
   663 | D:2      | Learned a level 1 spell: Necrotise
   881 | D:2      | Reached skill level 2 in Fighting
  1089 | D:2      | Found a faded altar of an unknown god.
  1237 | D:2      | Reached XP level 4. HP: 30/34 MP: 0/0
  1627 | D:2      | Found Tung's Magic Scroll Boutique.
  1634 | D:2      | Bought a scroll of identify for 26 gold pieces
  2044 | D:3      | Found a runed translucent gate.
  2045 | D:3      | Found a runed translucent gate.
  2047 | D:3      | Found a runed translucent gate.
  2048 | D:3      | Noticed 601d51SH's ghost (amateur DrEn)
  2048 | D:3      | Noticed Heh's ghost (amateur OpAl)
  2048 | D:3      | Noticed EvilEddieB's ghost (amateur DsGl)
  2167 | D:3      | Reached XP level 5. HP: 39/40 MP: 0/0
  2167 | D:3      | Learned a level 2 spell: Searing Ray
  2209 | D:3      | Noticed a kobold brigand
  2217 | D:3      | Killed a kobold brigand
  2218 | D:3      | Reached skill level 3 in Fighting
  2367 | D:3      | Identified the +8 ring mail "Ynyodul" {rF+}
  2854 | D:4      | Reached XP level 6. HP: 36/47 MP: 0/0
  2941 | D:4      | Reached skill level 4 in Fighting
  3343 | D:4      | Found a shadowy altar of Dithmenos.
  3349 | D:4      | Identified the +15 plate armour of Eye-covered the Good
                  | {rF+ rN+}
  3559 | D:4      | Reached XP level 7. HP: 51/53 MP: 0/0
  3559 | D:4      | Learned a level 3 spell: Teleport Other
  3925 | D:5      | Entered Level 5 of the Dungeon
  3945 | D:5      | Reached skill level 5 in Fighting
  3945 | D:5      | Reached skill level 5 in Spellcasting
  3945 | D:5      | Reached skill level 5 in Conjurations
  3945 | D:5      | Reached skill level 5 in Hexes
  3945 | D:5      | Reached skill level 5 in Summonings
  3945 | D:5      | Reached skill level 5 in Necromancy
  3945 | D:5      | Reached skill level 5 in Translocations
  3945 | D:5      | Reached skill level 5 in Fire Magic
  3945 | D:5      | Reached skill level 5 in Ice Magic
  3945 | D:5      | Reached skill level 5 in Air Magic
  3945 | D:5      | Reached skill level 5 in Earth Magic
  3945 | D:5      | Reached skill level 5 in Alchemy
  3982 | D:5      | Noticed Edmund
  4439 | D:6      | Reached XP level 8. HP: 57/61 MP: 0/0
  4504 | D:6      | Found a white marble altar of Elyvilon.
  4534 | D:6      | Reached skill level 6 in Fighting
  4748 | D:6      | Found a glowing golden altar of the Shining One.
  5163 | D:7      | Reached skill level 7 in Fighting
  5206 | D:7      | Found a hide-covered altar of Uskayaw.
  5362 | D:6      | Reached XP level 9. HP: 64/68 MP: 0/0
  5362 | D:6      | Learned a level 3 spell: Mephitic Cloud
  5671 | D:7      | Found a staircase to the Ecumenical Temple.
  5685 | Temple   | Found a transporter.
  5685 | Temple   | Found a transporter.
  5685 | Temple   | Found a transporter.
  5685 | Temple   | Found a transporter.
  5685 | Temple   | Entered the Ecumenical Temple
  5701 | Temple   | Became a worshipper of Ru the Awakened
  5823 | D:7      | Reached skill level 8 in Fighting
  6304 | D:8      | Identified a scroll of acquirement
  6309 | D:8      | Acquired the granite talisman of the Gusle {*Slow rN+ MP-9
                  | Int+8 SInv}
  6467 | D:8      | Reached skill level 1 in Shapeshifting
  6881 | D:8      | Reached skill level 9 in Fighting
  6886 | D:8      | Reached XP level 10. HP: 56/78 MP: 0/0
  7147 | D:8      | Gained mutation: Your cowardice makes you less effective in
                  | combat with threatening foes. [Ru sacrifice]
  7147 | D:8      | Reached * piety under Ru
  7237 | D:8      | Found a staircase to the Lair.
  7370 | D:9      | Noticed a two-headed ogre
  7529 | D:9      | Noticed a cyclops
  7532 | D:9      | Noticed a two-headed ogre
  7710 | D:9      | Killed a cyclops
  7711 | D:9      | Reached skill level 10 in Fighting
  7857 | D:9      | Killed a two-headed ogre
  7858 | D:9      | Reached skill level 5 in Shapeshifting
  8732 | D:9      | Noticed a two-headed ogre
  8738 | D:9      | Killed a two-headed ogre
  8739 | D:9      | Reached skill level 11 in Fighting
  8739 | D:9      | Reached XP level 11. HP: 63/87 MP: 0/0
  8739 | D:9      | Learned a level 4 spell: Animate Dead
  9223 | D:9      | Found a runed translucent door.
  9223 | D:9      | Noticed a white ugly thing
  9225 | D:9      | Noticed a two-headed ogre
  9452 | D:10     | Entered Level 10 of the Dungeon
  9457 | D:10     | Found Jomutosh's Sacrilege Store.
 10140 | D:10     | Found a burning altar of Makhleb.
 10221 | D:10     | Gained mutation: You are missing an eye, making it more
                  | difficult to aim. [Ru sacrifice]
 10221 | D:10     | Reached ** piety under Ru
 10612 | D:11     | Noticed Lodul
 10620 | D:11     | Noticed a two-headed ogre
 10620 | D:11     | Killed Lodul
 10625 | D:11     | Killed a two-headed ogre
 10626 | D:11     | Reached skill level 12 in Fighting
 10934 | D:11     | Found a frozen archway.
 11026 | IceCv    | Entered an ice cave
 11506 | IceCv    | Reached XP level 12. HP: 80/95 MP: 0/0
 12814 | IceCv    | HP: 3/96 [anaconda simulacrum (40)]
 12814 | IceCv    | HP: 1/96 [constriction (2)]
 13229 | D:11     | Found a snail-covered altar of Cheibriados.
 13229 | D:11     | Found the brooch of Shielding {Spirit SH+8}
 14175 | D:12     | Noticed a two-headed ogre
 14700 | D:12     | Noticed an ogre mage
 14700 | D:12     | Noticed a two-headed ogre
 15009 | D:12     | Reached skill level 13 in Fighting
 15040 | D:12     | Gained mutation: You are somewhat unskilled. (-1 Apt) [Ru
                  | sacrifice]
 15040 | D:12     | Reduced skill Fighting to level 12
 15040 | D:12     | Reached *** piety under Ru
 15635 | D:12     | Noticed Maurice
 15641 | D:12     | Maurice stole a staff of conjuration
 15642 | D:12     | Killed Maurice
 15762 | D:12     | Noticed a two-headed ogre
 15790 | D:12     | Noticed a two-headed ogre
 15917 | D:12     | Found Ytextyr's Book Shoppe.
 15994 | D:12     | Killed an ogre mage
 16012 | D:12     | Killed a two-headed ogre
 16013 | D:12     | Reached XP level 13. HP: 48/102 MP: 0/0
 16013 | D:12     | Learned a level 5 spell: Silence
 16410 | Lair:1   | Entered Level 1 of the Lair of Beasts
 16483 | Lair:1   | Noticed Joseph
 16498 | Lair:1   | Killed Joseph
 16500 | Lair:1   | Noticed a six-headed hydra
 16540 | Lair:1   | Found a gate leading to a gauntlet.
 16546 | Gauntlet | Entered a Gauntlet
 16546 | Gauntlet | Found a transporter.
 16546 | Gauntlet | Found a transporter.
 16698 | Gauntlet | Found the +1 cloak of Starlight {*Dazzle EV+4 Stlth--}
 16714 | Gauntlet | Found a runed translucent door.
 16717 | Gauntlet | Found a transporter.
 16719 | Gauntlet | Found a transporter.
 16727 | Gauntlet | Found a transporter.
 16731 | Gauntlet | Found a transporter.
 16739 | Gauntlet | Noticed a dire elephant
 16739 | Gauntlet | Found the +2 hood of the Assassin {Detect Stab+ Stlth++}
 16742 | Gauntlet | Found a transporter.
 16758 | Gauntlet | Found a transporter.
 16769 | Gauntlet | Found a transporter.
 16773 | Gauntlet | Found a transporter.
 16775 | Gauntlet | Found a runed translucent door.
 16777 | Gauntlet | Found a runed translucent door.
 16781 | Gauntlet | Found a transporter.
 16785 | Gauntlet | Found a transporter.
 17217 | Gauntlet | Identified the +3 plate armour of an ossuary {rPois Dex-2
                  | Slay+4}
 17217 | Gauntlet | Noticed a minotaur
 17228 | Gauntlet | Killed a minotaur
 17325 | Gauntlet | Identified the +3 leather armour "Pulocroh" {rCorr Dex+2}
 17381 | Lair:1   | Killed a six-headed hydra
 17382 | Lair:1   | Reached skill level 1 in Shields
 17543 | Lair:1   | Noticed Nergalle
 17935 | Lair:1   | Noticed Urug
 18045 | Lair:1   | Killed Nergalle
 18047 | Lair:1   | Killed Urug
 18047 | Lair:1   | Noticed Fannar
 18216 | Lair:1   | Killed Fannar
 18902 | Lair:2   | Found a hole to the Spider Nest.
 19025 | Lair:2   | Identified the scarf of Asampuna {rC+ rF+, -Tele rElec
                  | rPois MP+9}
 19036 | Lair:2   | Gained mutation: You cannot study or use magical devices.
                  | [Ru sacrifice]
 19036 | Lair:2   | Reached **** piety under Ru
 19036 | Lair:2   | Reached ***** piety under Ru
 19484 | Lair:2   | Found a staircase to the Shoals.
 20222 | Lair:3   | Noticed a four-headed hydra
 20225 | Lair:3   | Killed a four-headed hydra
 20231 | Lair:3   | Noticed a five-headed hydra
 20235 | Lair:3   | Killed a five-headed hydra
 20597 | Lair:3   | Found an opulent altar of Gozag.
 20886 | Lair:3   | Noticed a six-headed hydra
 21179 | Lair:3   | Reached XP level 14. HP: 68/108 MP: 0/0
 21184 | Lair:3   | Reached skill level 5 in Shields
 21619 | Lair:3   | Reached skill level 10 in Shapeshifting
 22250 | Lair:4   | Found a viscous altar of Jiyva.
 22326 | Lair:4   | Found a staircase to the Slime Pits.
 22616 | Lair:4   | Gained mutation: You cannot train Armour skill. [Ru
                  | sacrifice]
 22616 | Lair:4   | Reached ****** piety under Ru
 23277 | Lair:5   | Entered Level 5 of the Lair of Beasts
 24142 | Lair:5   | Reached XP level 15. HP: 67/113 MP: 0/0
 24142 | Lair:5   | Learned a level 6 spell: Death Channel
 24960 | Lair:5   | Found a burning altar of Makhleb.
 25867 | Lair:5   | Found a gateway to Hell.
 26608 | D:12     | Found a staircase to the Orcish Mines.
 27398 | D:13     | Noticed Azrael
 27408 | D:13     | Noticed Kirke
 27409 | D:13     | Killed Azrael
 27410 | D:13     | Reached skill level 10 in Shields
 27412 | D:13     | Killed Kirke
 27984 | D:13     | Noticed Josephine
 28215 | D:13     | Found a huge runed translucent gate.
 28215 | D:13     | Found a huge runed translucent gate.
 28215 | D:13     | Found a huge runed translucent gate.
 28216 | D:13     | Found a huge runed translucent gate.
 28219 | D:13     | Found a huge runed translucent gate.
 28219 | D:13     | Found a huge runed translucent gate.
 28221 | D:13     | Found a huge runed translucent gate.
 28222 | D:13     | Found a huge runed translucent gate.
 28224 | D:13     | Found a huge runed translucent gate.
 28225 | D:13     | Found a huge runed translucent gate.
 28225 | D:13     | Found a huge runed translucent gate.
 28225 | D:13     | Found a huge runed translucent gate.
 28225 | D:13     | Found a huge runed translucent gate.
 28225 | D:13     | Found a huge runed translucent gate.
 28225 | D:13     | Found a huge runed translucent gate.
 28230 | D:13     | Found a huge runed translucent gate.
 28231 | D:13     | Found a huge runed translucent gate.
 28232 | D:13     | Found a huge runed translucent gate.
 28232 | D:13     | Found a huge runed translucent gate.
 28234 | D:13     | Found a huge runed translucent gate.
 28235 | D:13     | Found a huge runed translucent gate.
 28236 | D:13     | Found a huge runed translucent gate.
 28237 | D:13     | Found a huge runed translucent gate.
 28237 | D:13     | Found a huge runed translucent gate.
 28241 | D:13     | Found a huge runed translucent gate.
 28242 | D:13     | Found a huge runed translucent gate.
 28243 | D:13     | Found a huge runed translucent gate.
 28243 | D:13     | Found a huge runed translucent gate.
 28244 | D:13     | Found a huge runed translucent gate.
 28245 | D:13     | Found a huge runed translucent gate.
 28246 | D:13     | Found a huge runed translucent gate.
 28247 | D:13     | Found a huge runed translucent gate.
 28247 | D:13     | Found a huge runed translucent gate.
 28253 | D:13     | Found a huge runed translucent gate.
 28254 | D:13     | Found a huge runed translucent gate.
 28254 | D:13     | Found a huge runed translucent gate.
 28424 | D:13     | Noticed a tengu reaver
 28713 | D:13     | Noticed a tengu reaver
 28717 | D:13     | Killed a tengu reaver
 28772 | D:13     | Reached skill level 13 in Fighting
 28784 | D:13     | Killed a tengu reaver
 28881 | D:13     | Killed Josephine
 29081 | Orc:1    | Entered Level 1 of the Orcish Mines
 29441 | Orc:1    | Found Cotren's Firing Range.
 29508 | Orc:2    | Entered Level 2 of the Orcish Mines
 29508 | Orc:2    | Found a staircase to the Elven Halls.
 29559 | Orc:2    | Found a roughly hewn altar of Beogh.
 29764 | Orc:2    | Found Merag's General Store.
 30151 | Orc:2    | Found a roughly hewn altar of Beogh.
 30154 | Orc:2    | Found Miown's Jewellery Shoppe.
 30230 | Orc:2    | Found Poapot's Distillery.
 30782 | Orc:2    | Noticed an orc warlord
 30791 | Orc:2    | Killed an orc warlord
 30941 | Orc:2    | Found Cearaed's Antique Armour Shop.
 30942 | Orc:2    | Found a roughly hewn altar of Beogh.
 30944 | Orc:2    | Found Tanlij's Antique Weapon Boutique.
 31004 | Orc:2    | Bought a potion of curing for 48 gold pieces
 31004 | Orc:2    | Bought a potion of curing for 48 gold pieces
 31004 | Orc:2    | Bought a potion of curing for 48 gold pieces
 31004 | Orc:2    | Bought a potion of might for 64 gold pieces
 31004 | Orc:2    | Bought a potion of degeneration for 16 gold pieces
 31004 | Orc:2    | Bought a potion of brilliance for 64 gold pieces
 31004 | Orc:2    | Bought a potion of attraction for 48 gold pieces
 31004 | Orc:2    | Bought a potion of attraction for 48 gold pieces
 31128 | Orc:2    | Reached XP level 16. HP: 99/121 MP: 0/0
 31184 | Orc:2    | Found a roughly hewn altar of Beogh.
 31266 | Orc:2    | Found a roughly hewn altar of Beogh.
 31464 | Orc:2    | Found Hoasch's Specific Store.
 31467 | Orc:2    | Found Osoiqu's General Store.
 31472 | Orc:2    | Bought a scroll of immolation for 56 gold pieces
 32258 | D:13     | Hit by a large rock thrown by a stone giant

Illustrated notes

Levels and vault maps discovered:
D:1:      dpeg_arrival_tiny_j, layout_basic
D:2:      layout_loops_cross, shapermc_ecumenical_altar_mp_highgroup,
          serial_shops, nicolae_shop_rolled_up, minmay_shallow_snake_nest
D:3:      cheibrodos_thug_alley, layout_loops_cross, gammafunk_ghost_cemetery
D:4:      layout_rooms, mainiacjoe_overflow_chevrons, chequers_decorated_corner
D:5:      layout_basic, uniq_edmund
D:6:      layout_basic, kennysheep_mini, lemuel_round_altar
D:7:      layout_basic, eat_drink_and_be_merry_uskayaw,
          minmay_temple_entry_hall, minmay_misc_feat_x
D:8:      layout_loops_ring, lair_entry_dummy, kennysheep_generic_room_5
D:9:      layout_irregular_city, minmay_misc_feat_ornament, minmay_st_funbox,
          minmay_misc_feat_nine_boxes, grunt_ministairs_9
D:10:     layout_irregular_city, mainiacjoe_overflow_concentric_impassable,
          minivault_25, nicolae_evil_shop
D:11:     layout_basic, portal_ice_cave_entry_ice_simulacra,
          cheibriados_altar_1, uniq_lodul
D:12:     layout_layer_cave, hiddenorc2_lemuel, serial_shops,
          nicolae_shop_waterfront, minmay_statue_bubble, uniq_maurice
D:13:     minmay_octo_star, layout_cave_pools, not_door_vault_due, uniq_kirke,
          uniq_josephine, uniq_azrael
Temple:   hellmonk_temple_divided_pantheon
Lair:1:   layout_long_grid, gauntlet_entry_generic, grunt_megastairs_2,
          uniq_urug, uniq_joseph, uniq_fannar, uniq_nergalle
Lair:2:   layout_cave_pods, mainiacjoe_shoals_entry_four_pools,
          hellmonk_spider_entry_not_the_bees, serial_bayou_crossing,
          serial_bayou_shore_b
Lair:3:   layout_layer_cave, basic_altar
Lair:4:   layout_gridlike, slime_entry_1
Lair:5:   evil_forest, layout_cellular_growth
Orc:1:    layout_diamond_mine, nicolae_shop_firing_range
Orc:2:    grunt_orc_community_town_hall, layout_caves,
          grunt_orc_community_big_house_2, grunt_orc_community_big_house_1,
          grunt_orc_community_house_3, grunt_orc_community_house_1,
          grunt_orc_community_house_2, grunt_orc_community_house_1,
          grunt_orc_community_house_1, grunt_orc_community_house_1,
          special_room, serial_shops, nicolae_shop_tiny_real_fake_doors,
          nicolae_specific_store

Skill      XL: |  1  2  3  4  5  6  7  8  9 10 11 12 13 14 15 |
---------------+----------------------------------------------+-----
Fighting       | 1 2 3 4 5 7 9 11 12 12 13 | 13.6
Spellcasting   | 4 5 6 7 8 8 9 |  9.2
Conjurations   | 4 5 6 7 8 8 9 |  9.2
Hexes          | 4 5 6 7 8 8 9 |  9.2
Summonings     | 4 5 6 7 8 8 9 |  9.2
Necromancy     | 4 5 6 7 8 8 9 |  9.2
Translocations | 4 5 6 7 8 8 9 |  9.2
Fire Magic     | 4 5 6 7 8 8 9 |  9.2
Ice Magic      | 4 5 6 7 8 8 9 |  9.2
Air Magic      | 4 5 6 7 8 8 9 |  9.2
Earth Magic    | 4 5 6 7 8 8 9 |  9.2
Alchemy        | 4 5 6 7 8 8 9 |  9.2
Shapeshifting  | 3 6 7 8 9 11 12 | 12.9
Shields        | 4 8 10 | 10.4
Dodging        | |  2.0
Stealth        | |  1.4

Action                     |  1- 3 |  4- 6 |  7- 9 | 10-12 | 13-15 | 16-18 || total
---------------------------+-------+-------+-------+-------+-------+-------++-------
  Melee: Staff             |       |       |     1 |     2 |     7 |       ||    10
   Cast: Shock             |    48 |    37 |       |       |       |       ||    85
         Static Discharge  |     8 |     3 |       |       |       |       ||    11
         Searing Ray       |       |    28 |    70 |    46 |    12 |     6 ||   162
         Mephitic Cloud    |       |       |     6 |    12 |    36 |     4 ||    58
         Airstrike         |       |       |       |   356 |   593 |    54 ||  1003
         Animate Dead      |       |       |       |     5 |     3 |       ||     8
         Swiftness         |       |       |       |     2 |     1 |       ||     3
         Teleport Other    |       |       |       |       |     8 |       ||     8
 Invoke: Sacrifice Courage |       |       |       |     1 |       |       ||     1
         Sacrifice an Eye  |       |       |       |     1 |       |       ||     1
         Draw Out Power    |       |       |       |     1 |     3 |       ||     4
         Sacrifice Skill   |       |       |       |     1 |       |       ||     1
         Apocalypse        |       |       |       |       |     7 |     1 ||     8
         Sacrifice Artific |       |       |       |       |     1 |       ||     1
         Sacrifice Durabil |       |       |       |       |     1 |       ||     1
  Evoke: Wand              |       |       |       |     1 |     1 |       ||     2
         Gell's gravitambo |       |       |       |       |     1 |       ||     1
    Use: Scroll            |       |     1 |    12 |     8 |    14 |       ||    35
         Potion            |       |     2 |       |     3 |     1 |       ||     6
 Armour: Robe              |     9 |    18 |       |       |       |       ||    27
         Ring mail         |       |     9 |    55 |   115 |   112 |    18 ||   309
  Dodge: Dodged            |     3 |    31 |    36 |    64 |    51 |     7 ||   192
  Block: Other             |       |       |       |    19 |     9 |       ||    28
         Kite shield       |       |       |       |       |   175 |    48 ||   223

Table legend: (Time is in decaauts)
 A = Elapsed time spent in this place.
 B = Non-inter-level travel time spent in this place.
 C = Inter-level travel time spent in this place.
 D = Time resting spent in this place.
 E = Time spent auto-exploring this place.
 F = Levels seen in this place.
 G = Mean time per level.
                   A        B        C        D        E       F      G
               +--------+--------+--------+--------+--------+-----+--------+
         Total |  32272 |  30692 |   1580 |   3711 |  22950 |  23 | 1403.1 |
       Dungeon |  17946 |  16710 |   1236 |   2273 |  12265 |  13 | 1380.5 |
        Temple |     33 |     17 |     16 |      0 |      0 |   1 |   33.0 |
          Lair |   8334 |   8109 |    225 |    279 |   6930 |   5 | 1666.8 |
  Orcish Mines |   3124 |   3023 |    101 |    327 |   2330 |   2 | 1562.0 |
      Ice Cave |   2030 |   2030 |      0 |    591 |   1102 |   1 | 2030.0 |
      Gauntlet |    801 |    801 |      0 |    240 |    323 |   1 |  801.0 |
               +--------+--------+--------+--------+--------+-----+--------+

Top non-repeatable levels by time:
    D:12: 3889 daAuts
     D:8: 2704 daAuts
  Lair:5: 2378 daAuts
   Orc:2: 2335 daAuts
   IceCv: 2030 daAuts
  Lair:4: 1875 daAuts
    D:11: 1866 daAuts
     D:9: 1627 daAuts
  Lair:2: 1562 daAuts
  Lair:3: 1481 daAuts
     D:3: 1263 daAuts
     D:2: 1220 daAuts
  Lair:1: 1037 daAuts
    D:10: 970 daAuts
     D:7: 969 daAuts
